 Dungeon Crawl Stone Soup version 0.20.1-1-g8b1a95d (console) character file.

39736 Kloppie the Impaler (level 14, -6/101 HPs)
             Began as a Merfolk Gladiator on Aug 5, 2017.
             Was the Champion of the Shining One.
             Mangled by an eight-headed hydra (9 damage)
             ... on level 5 of the Lair of Beasts.
             The game lasted 00:34:26 (17944 turns).

Kloppie the Impaler (Merfolk Gladiator)            Turns: 17944, Time: 00:34:26

Health: -6/101     AC:  9    Str: 14    XL:     14   Next: 7%
Magic:  0/21       EV: 29    Int:  8    God:    the Shining One [******]
Gold:   1158       SH:  0    Dex: 20    Spells: 10/13 levels left

rFire    + . .     SeeInvis .   a - +2 trident (pierce)
rCold    . . .     Gourm    .   (no shield)
rNeg     + + +     Faith    .   E - +0 steam dragon scales
rPois    .         Spirit   +   c - +2 helmet
rElec    .         Reflect  .   j - scarf {Spirit}
rCorr    .         Harm     .   T - +0 pair of gloves
MR       +....                  (no boots)
Stlth    +.........             (no amulet)
Regen    0.3/turn               z - ring of protection from fire
MPRegen  0.2/turn               W - +5 ring of evasion

@: lethally poisoned (-6 -> -7), glowing
A: change form in water, swift swim, stealthy swim, camouflage 1, blink, frail 1
a: Blink, Divine Shield, Cleansing Flame, Summon Divine Warrior, Brand Weapon
With Holy Wrath, Renounce Religion


You were on level 5 of the Lair of Beasts.
You worshipped the Shining One.
The Shining One was exalted by your worship.
You were not hungry.

You visited 3 branches of the dungeon, and saw 17 of its levels.
You also visited: Ossuary, Bailey and Ice Cave.

You collected 1294 gold pieces.
You spent 136 gold pieces at shops.

Inventory:

Hand Weapons
 a - a +2 trident of piercing (weapon)
 b - a +1 glaive of freezing
 s - a +0 halberd of protection
Missiles
 r - 53 tomahawks of returning (quivered)
Armour
 c - a +2 helmet (worn)
 j - a scarf of spirit shield (worn)
 E - +0 steam dragon scales (worn)
 R - a +2 cloak of cold resistance
 T - a +0 pair of gloves (worn)
Jewellery
 i - an uncursed ring of protection from cold
 z - a ring of protection from fire (left hand)
 O - a cursed ring of magical power
 W - a +5 ring of evasion (right hand)
Wands
 l - a wand of iceblast (7/15)
 n - a wand of flame (28/48)
 p - a wand of digging (16/24)
 D - a wand of paralysis (15/24)
 P - a wand of polymorph (5/24)
 Q - a wand of lightning (9/15)
 V - a wand of disintegration (14/24)
 X - a wand of paralysis (7/24)
Scrolls
 d - a scroll of enchant armour
 e - 2 scrolls of fog
 g - 8 scrolls of identify
 h - 4 scrolls of amnesia
 k - 8 scrolls of teleportation
 q - 8 scrolls of remove curse
 v - 3 scrolls of magic mapping
 B - 3 scrolls of blinking
 G - 2 scrolls of fear
 J - 2 scrolls of enchant weapon
Potions
 o - 5 potions of curing
 t - a potion of flight
 u - 5 potions of resistance
 A - a potion of cancellation {unknown}
 C - 2 potions of haste
 H - 3 potions of heal wounds
 I - 3 potions of might
 K - 3 potions of lignification
 L - 3 potions of agility
 M - 3 potions of brilliance
 N - a potion of ambrosia
 U - a potion of berserk rage
Books
 w - a book of Flames

   Spells                             Type                      Level
   a - Flame Tongue                   Conjuration/Fire             1
   b - Throw Flame                    Conjuration/Fire             2
   c - Conjure Flame                  Conjuration/Fire             3
   d - Inner Flame                    Hexes/Fire                   3
   e - Sticky Flame                   Conjuration/Fire             4
   f - Fireball                       Conjuration/Fire             5
 F - a book of Ice

   Spells                             Type                      Level
   a - Ice Form                       Ice/Transmutation            4
   b - Metabolic Englaciation         Hexes/Ice                    5
   c - Ozocubu's Refrigeration        Ice                          6
   d - Bolt of Cold                   Conjuration/Ice              6
   e - Freezing Cloud                 Conjuration/Ice/Air          6
   f - Simulacrum                     Ice/Necromancy               6
 S - a book of Frost

   Spells                             Type                      Level
   a - Freeze                         Ice                          1
   b - Throw Frost                    Conjuration/Ice              2
   c - Ozocubu's Armour               Charms/Ice                   3
   d - Throw Icicle                   Conjuration/Ice              4
   e - Summon Ice Beast               Ice/Summoning                4
Comestibles
 f - 11 bread rations
 m - 11 meat rations
 x - 2 royal jellies
 y - 2 fruits
 Y - 6 chunks of flesh


   Skills:
 - Level 11.3 Fighting
 - Level 20.0 Polearms
 - Level 2.0 Throwing
 - Level 14.0 Dodging
 - Level 7.0 Charms
 + Level 0.0 Ice Magic
 + Level 10.1 Invocations


You had 10 spell levels left.
You knew the following spells:

 Your Spells              Type           Power        Failure   Level  Hunger
a - Ozocubu's Armour      Chrm/Ice       #.......     30%         3    ####...


Dungeon Overview and Level Annotations

Branches:
Dungeon (11/15)            Temple (1/1) D:7            Lair (5/6) D:11
  Swamp (0/4) Lair:4        Snake (0/4) Lair:4          Orc (0/2) D:11
  Slime: Lair:5-6

Altars:
Ashenzari
Cheibriados
Dithmenos
Elyvilon
Fedhas
Gozag
Hepliaklqana
Kikubaaqudgha
Makhleb
Nemelex Xobeh
Okawaru
Qazlal
Ru
Sif Muna
Trog
Uskayaw
Vehumet
Xom
Yredelemnul
Zin
The Shining One

Shops:
D:4 [   D:5 :*(:

Annotations:
D:7 Kloppie's ghost, novice MfGl
Lair:5 Snorg; baghtru's ghost, journeyman HOFi


Innate Abilities, Weirdness & Mutations

You revert to your normal form in water.
You are very nimble and swift while swimming.
You are very stealthy in the water. (Stealth+)
Your skin changes colour to match your surroundings (Stealth+).
You can translocate small distances at will.
You are frail. (-10% HP)


Message History

You puncture the eight-headed hydra!
The eight-headed hydra is moderately wounded.
You hit the eight-headed hydra.
The eight-headed hydra is heavily wounded.
The eight-headed hydra bites you!
* * * LOW HITPOINT WARNING * * *
The eight-headed hydra completely misses you. x2
The eight-headed hydra bites you.
* * * LOW HITPOINT WARNING * * *
The eight-headed hydra completely misses you.
The eight-headed hydra bites you!
* * * LOW HITPOINT WARNING * * *
The eight-headed hydra completely misses you.
The eight-headed hydra bites you!
* * * LOW HITPOINT WARNING * * *
You puncture the eight-headed hydra!
The eight-headed hydra is heavily wounded.
The eight-headed hydra completely misses you.
The eight-headed hydra bites you!
You die...

......................##
................#.#...#
.. ...#...##.##.###)# ..
##...###### ## .. #...##
.. ##..## .. #....## P#
##..D.# .P #...#@# .#
#..D### .# #...## .#
##...# .. # #H..## ##
.P# #....# # ...$#
###...## ..
......#..#..P# ..
............##


You could see an eight-headed hydra.

Vanquished Creatures
  Kirke (Lair:5)
  A catoblepas (Lair:5)
  3 two-headed ogres (D:9)
  2 orc knights (Bailey)
  A necromancer (IceCv)
  The ghost of Giltor the Covert, a novice SpEn of Okawaru (Bailey)
  An oklob plant (Lair:3)
  A cyclops (D:8)
  10 elephants
  An ice statue (IceCv)
  A gargoyle (D:11)
  Joseph (D:10)
  A torpor snail (Lair:3)
  3 black mambas
  A centaur skeleton (D:11)
  12 spiny frogs
  4 komodo dragons
  4 rime drakes
  10 freezing wraiths (IceCv)
  2 trolls
  A hornet (D:7)
  13 blink frogs
  Prince Ribbit (D:7)
  A wolf spider simulacrum (IceCv)
  A meliai zombie (D:11)
  5 hippogriffs
  A spriggan (D:10)
  A wyvern (Lair:4)
  Sigmund (D:4)
  13 yaks
  4 hogs (Lair:4)
  A steam dragon (D:6)
  3 basilisks
  A wraith (D:11)
  Grum (D:10)
  A warg (Lair:2)
  A death yak simulacrum (IceCv)
  6 swamp worms (Lair:4)
  6 water moccasins
  A naga (Lair:4)
  8 orc warriors
  5 porcupines
  A sky beast (D:8)
  9 ice beasts
  20 wolves
  A phantom (D:5)
  7 ogres
  4 centaurs
  8 crocodiles
  3 big kobolds
  9 bullfrogs
  A gnoll sergeant (D:6)
  A wyvern skeleton (D:11)
  2 scorpions
  A water moccasin skeleton (D:10)
  3 killer bees (D:11)
  4 wights (D:8)
  7 howler monkeys
  5 electric eels
  6 crimson imps
  A bullfrog zombie (D:8)
  2 draconian simulacra (IceCv)
  9 hounds
  A quasit (D:8)
  A centaur zombie (D:10)
  A jelly (D:5)
  A bullfrog skeleton (D:9)
  11 orc priests
  Crazy Yiuf (D:7)
  An iguana (D:9)
  11 orc wizards
  12 worker ants
  A polar bear simulacrum (IceCv)
  2 spriggan simulacra (IceCv)
  7 troll simulacra (IceCv)
  A wolf simulacrum (IceCv)
  2 centaur simulacra (IceCv)
  3 hound skeletons
  8 mummies (Ossuary)
  A worker ant zombie (D:9)
  10 gnolls
  3 ogre simulacra (IceCv)
  13 adders
  4 naga simulacra (IceCv)
  A shadow imp (D:7)
  12 white imps (IceCv)
  2 adder skeletons (D:6)
  2 worms (D:4)
  3 dart slugs
  5 leopard geckos
  66 orcs
  A ball python (D:3)
  8 bats
  8 giant cockroaches
  13 goblins
  8 hobgoblins
  5 jackals
  2 quokkas
  6 frilled lizards
  A giant cockroach zombie (D:6)
  3 gnoll zombies (Ossuary)
  A goblin zombie (D:8)
  3 hobgoblin zombies (Ossuary)
  56 kobolds
  A kobold zombie (Ossuary)
  An orc zombie (Ossuary)
  A quokka zombie (D:8)
  8 rats
553 creatures vanquished.

Vanquished Creatures (others)
  3 humans (Lair:5)
  A porcupine (Lair:5)
  2 plants
6 creatures vanquished.

Grand Total: 559 creatures vanquished

Notes
Turn   | Place    | Note
-------+----------+-------------------------------------------
     0 | D:1      | Kloppie the Merfolk Gladiator began the quest for the Orb.
     0 | D:1      | Reached XP level 1. HP: 16/16 MP: 1/1
    75 | D:1      | Reached XP level 2. HP: 10/22 MP: 2/2
   518 | D:1      | Reached skill level 5 in Polearms
   722 | D:2      | Reached XP level 3. HP: 27/27 MP: 3/3
   813 | D:2      | Reached skill level 5 in Dodging
   948 | D:2      | Reached XP level 4. HP: 28/33 MP: 4/4
  1143 | D:2      | Reached skill level 6 in Polearms
  1838 | D:3      | Reached XP level 5. HP: 36/38 MP: 5/5
  1883 | D:3      | Found a faded altar of an unknown god.
  2327 | D:4      | Reached skill level 7 in Polearms
  2397 | D:4      | Got a jewelled leather armour
  2405 | D:4      | Reached XP level 6. HP: 33/44 MP: 4/6
  2416 | D:4      | Identified the +2 leather armour of the Earth {+Blink} (You found it on level 4 of the Dungeon)
  2757 | D:4      | Reached skill level 8 in Polearms
  2778 | D:4      | Found Guaveiw's Armour Emporium.
  3179 | D:4      | Reached XP level 7. HP: 52/52 MP: 7/7
  3339 | D:4      | Noticed Sigmund
  3357 | D:4      | Killed Sigmund
  3357 | D:4      | Reached skill level 9 in Polearms
  3681 | D:5      | Entered Level 5 of the Dungeon
  3726 | D:5      | Found Pohon's Antique Weapon Shop.
  3917 | D:5      | Bought a runed trident for 136 gold pieces
  4298 | D:5      | Found Ocatoc's General Store.
  4304 | D:5      | Reached skill level 5 in Fighting
  4370 | D:5      | Found Akuheg's Book Shop.
  4386 | D:5      | Reached skill level 10 in Polearms
  4386 | D:5      | Reached XP level 8. HP: 63/63 MP: 8/8
  4565 | D:5      | Found Wutof's Book Shoppe.
  4991 | D:6      | Reached skill level 11 in Polearms
  5727 | D:6      | Reached XP level 9. HP: 59/72 MP: 7/9
  5792 | D:6      | Reached skill level 12 in Polearms
  6131 | D:7      | Noticed Kloppie's ghost (novice MfGl)
  6134 | D:7      | Noticed Prince Ribbit
  6225 | D:7      | Killed Prince Ribbit
  6281 | D:7      | Reached skill level 13 in Polearms
  6354 | D:7      | Found a runed door.
  6358 | D:7      | Noticed Crazy Yiuf
  6361 | D:7      | Killed Crazy Yiuf
  6480 | D:7      | Found a flagged portal.
  6483 | D:7      | Noticed a hornet
  6485 | D:7      | Paralysed by a hornet for 1 turns
  6498 | D:7      | Paralysed by a hornet for 2 turns
  6503 | D:7      | Killed a hornet
  6534 | Bailey   | Entered a bailey
  6560 | Bailey   | Noticed Giltor's ghost (novice SpEn)
  6564 | Bailey   | Killed Giltor's ghost
  6564 | Bailey   | Reached skill level 10 in Dodging
  6644 | Bailey   | Noticed an orc knight
  6674 | Bailey   | Noticed an orc knight
  6724 | Bailey   | Killed an orc knight
  6724 | Bailey   | Reached skill level 14 in Polearms
  6724 | Bailey   | Reached XP level 10. HP: 53/79 MP: 10/10
  6725 | Bailey   | Killed an orc knight
  8158 | D:7      | Found a staircase to the Ecumenical Temple.
  8164 | Temple   | Entered the Ecumenical Temple
  8336 | Temple   | Became a worshipper of the Shining One
  8435 | D:8      | Reached skill level 15 in Polearms
  8476 | D:8      | Noticed a cyclops
  8531 | D:7      | Reached * piety under the Shining One
  8654 | D:8      | Killed a cyclops
  8754 | D:8      | Found a sand-covered staircase.
  8766 | Ossuary  | Entered an ossuary
  8795 | Ossuary  | Reached ** piety under the Shining One
  8974 | D:8      | Reached XP level 11. HP: 84/84 MP: 11/11
  8992 | D:8      | Reached skill level 1 in Invocations
  9124 | D:8      | Reached skill level 16 in Polearms
  9456 | D:9      | Noticed a two-headed ogre
  9464 | D:9      | Killed a two-headed ogre
  9669 | D:9      | Noticed a two-headed ogre
  9678 | D:9      | Killed a two-headed ogre
  9913 | D:9      | Found a hide-covered altar of Uskayaw.
 10000 | D:9      | Reached skill level 5 in Invocations
 10134 | D:9      | Noticed a two-headed ogre
 10148 | D:9      | Killed a two-headed ogre
 10148 | D:9      | Reached skill level 17 in Polearms
 10312 | D:10     | Entered Level 10 of the Dungeon
 10312 | D:10     | Noticed Joseph
 10313 | D:10     | Reached *** piety under the Shining One
 10330 | D:10     | Killed Joseph
 10937 | D:10     | Noticed Grum
 10975 | D:10     | Killed Grum
 11221 | D:11     | Found a frozen archway.
 11238 | IceCv    | Entered an ice cave
 11396 | IceCv    | Reached **** piety under the Shining One
 11429 | IceCv    | Reached XP level 12. HP: 74/94 MP: 12/16
 11662 | IceCv    | Reached skill level 18 in Polearms
 11803 | IceCv    | Found an ancient bone altar of Kikubaaqudgha.
 11832 | IceCv    | Reached ***** piety under the Shining One
 12362 | D:11     | Found a staircase to the Lair.
 12373 | D:11     | Gained mutation: You are frail. (-10% HP) [potion of mutation]
 12373 | D:11     | Gained mutation: You can translocate small distances at will. [potion of mutation]
 12373 | D:11     | Gained mutation: Your skin changes colour to match your surroundings (Stealth+). [potion of mutation]
 13398 | D:11     | Found a staircase to the Orcish Mines.
 13479 | D:11     | Reached skill level 19 in Polearms
 13500 | Lair:1   | Entered Level 1 of the Lair of Beasts
 13879 | Lair:1   | Identified a scroll of acquirement
 14174 | Lair:1   | Reached skill level 10 in Fighting
 14472 | Lair:2   | Reached XP level 13. HP: 90/93 MP: 17/17
 14877 | Lair:2   | Reached ****** piety under the Shining One
 14907 | Lair:2   | Reached skill level 20 in Polearms
 14922 | Lair:2   | Learned a level 3 spell: Ozocubu's Armour
 15076 | Lair:3   | Found a white marble altar of Elyvilon.
 15414 | Lair:3   | Reached skill level 1 in Charms
 16238 | Lair:4   | Found a staircase to the Snake Pit.
 16771 | Lair:4   | Reached skill level 5 in Charms
 17211 | Lair:4   | Found a staircase to the Swamp.
 17264 | Lair:5   | Noticed Kirke
 17493 | Lair:5   | Killed Kirke
 17502 | Lair:5   | Reached XP level 14. HP: 75/101 MP: 17/21
 17522 | Lair:5   | Reached skill level 10 in Invocations
 17563 | Lair:5   | Noticed baghtru's ghost (journeyman HOFi)
 17564 | Lair:5   | Noticed Snorg
 17581 | Lair:5   | The Shining One protects you from harm!
 17943 | Lair:5   | HP: 3/101 [eight-headed hydra (10)]
 17944 | Lair:5   | Mangled by an eight-headed hydra

Skill      XL: |  1  2  3  4  5  6  7  8  9 10 11 12 13 14 |
---------------+-------------------------------------------+-----
Polearms       | 5 6 7 8 10 11 14 15 17 19 20 | 20.0
Dodging        | 5 6 10 12 14 | 14.0
Fighting       | 3 5 7 8 10 11 | 11.3
Invocations    | 6 9 10 | 10.1
Charms         | 6 7 |  7.0
Throwing       | |  2.0

Action                   |  1- 3 |  4- 6 |  7- 9 | 10-12 | 13-15 || total
-------------------------+-------+-------+-------+-------+-------++-------
Melee: Trident           |   130 |   321 |   387 |   337 |    13 ||  1188
       Tailslap          |       |       |       |     1 |       ||     1
       Halberd           |       |       |       |   209 |       ||   209
       Glaive            |       |       |       |   489 |   329 ||   818
Throw: Throwing net      |       |     3 |     3 |     1 |       ||     7
       Tomahawk          |       |       |       |    32 |     1 ||    33
Invok: Divine Shield     |       |       |       |     3 |       ||     3
Evoke: Wand              |       |       |     1 |       |       ||     1
  Use: Scroll            |       |    15 |     5 |     7 |     4 ||    31
       Potion            |       |     2 |     3 |     4 |     1 ||    10
 Stab: Sleeping          |       |     2 |     1 |       |       ||     3
       Distracted        |       |     1 |     1 |       |       ||     2
       Held in net/web   |       |     4 |     1 |       |       ||     5
  Eat: Chunk             |       |     8 |    11 |    22 |    11 ||    52
       Royal jelly       |       |       |       |     2 |       ||     2
Armor: Leather armour    |    19 |    55 |    27 |       |       ||   101
       Steam dragon scal |       |       |    25 |   114 |    37 ||   176
Dodge: Dodged            |    77 |   213 |   227 |   790 |   337 ||  1644
Block: Other             |       |       |       |    30 |       ||    30
